 Dungeon Crawl Stone Soup version 0.21.1-1-g345015f (webtiles) character file.

18 Goblin1989 the Cudgeler (level 2, 0/24 HPs)
             Began as a Demonspawn Chaos Knight on Feb 20, 2018.
             Slain by an orc
             ... wielding a +0 flail of draining
              (3 damage)
             ... on level 1 of the Dungeon.
             The game lasted 00:02:59 (1255 turns).

Goblin1989 the Cudgeler (Demonspawn Chaos Knight)   Turns: 1255, Time: 00:03:01

Health: 0/24       AC:  5    Str: 16    XL:     2   Next: 48%
Magic:  2/2        EV: 11    Int: 13    God:    Xom [......]
Gold:   61         SH:  0    Dex: 12    Spells: 1/1 levels left

rFire    . . .     SeeInvis .   a - +0 mace (chaos)
rCold    . . .     Gourm    .   (no shield)
rNeg     . . .     Faith    .   b - +2 leather armour
rPois    .         Spirit   .   (helmet restricted)
rElec    .         Reflect  .   (no cloak)
rCorr    +         Harm     .   (no gloves)
MR       .....                  (no boots)
Stlth    +.........             (no amulet)
HPRegen  0.08/turn              i - +4 ring of strength
MPRegen  0.08/turn              g - ring of resist corrosion

@: heavily drained
A: antennae 1
a: Renounce Religion


You were on level 1 of the Dungeon.
You worshipped Xom.
You were a very special plaything of Xom.
You were not hungry.

You visited 1 branch of the dungeon, and saw 2 of its levels.

You collected 61 gold pieces.

Inventory:

Hand Weapons
 a - a +0 mace of chaos (weapon)
Armour
 b - a +2 leather armour (worn)
Jewellery
 g - a ring of resist corrosion (right hand)
 i - a +4 ring of strength (left hand)
Scrolls
 l - a scroll of noise {unknown}
Potions
 h - a potion of degeneration {unknown}
 j - a potion of haste {unknown}
 k - a potion of lignification {unknown}
Comestibles
 e - 4 rations


   Skills:
 - Level 3.0(1.3) Fighting
 + Level 3.5(1.8) Maces & Flails
 - Level 1.7(0.1) Armour
 - Level 0.8(0.0) Dodging


You had one spell level left.
You didn't know any spells.

Dungeon Overview and Level Annotations

Branches:
Dungeon (2/15)

Altars:


Innate Abilities, Weirdness & Mutations

You have a pair of small antennae on your head.


Message History

Key pressed, stopping explore.
A kobold comes into view. It is wielding a short sword.
A rat comes into view.
The kobold shouts!
You hear a shout! x3
An orc comes into view. It is wielding a flail of draining.
You hear a shout! 2 orcs come into view.
The orc shouts! x2
The kobold throws a stone.
The stone closely misses you.
Found a stone staircase leading down.
A goblin comes into view.
The kobold throws a stone.
The stone misses you. The orc closely misses you.
You see here a stone.
You closely miss the orc. The kobold hits you with a short sword.
The orc hits you with a flail of draining.
You feel drained.
You barely miss the orc. The kobold hits you but does no damage.
The orc hits you but does no damage.
You feel drained. The rat completely misses you.
You hit the orc. You freeze the orc.
The orc is almost dead.
The kobold hits you with a short sword. The rat bites you but does no damage.
The orc hits you but does no damage.
You feel drained.
You barely miss the orc.
The orc is almost dead.
The kobold completely misses you. The orc hits you but does no damage.
The rat closely misses you. The orc hits you but does no damage.
You feel drained. The goblin hits you but does no damage.
You hit the orc. You burn the orc.
You kill the orc!
The kobold barely misses you. The rat bites you but does no damage.
The orc misses you. The goblin barely misses you.
The kobold hits you but does no damage.
You hit the orc but do no damage. The orc hits you with a dagger.
The rat bites you but does no damage. The goblin hits you but does no damage.
The kobold hits you with a short sword.
* * * LOW HITPOINT WARNING * * *
The orc barely misses you. The orc hits you with a dagger.
* * * LOW HITPOINT WARNING * * *
The rat bites you.
* * * LOW HITPOINT WARNING * * *
You are too injured to fight recklessly!
You take 18 damage, and have 6/24 hp.
MASSIVE DAMAGE!!
The rat barely misses you.
There is a stone staircase leading up here.
Press: ? - help, v - describe, . - travel
Here: an orc, wielding a flail of draining The floor.
Unknown command.
The goblin hits you but does no damage.
You climb upwards.
There is a stone staircase leading down here.
There is an open door here.
You hit the goblin but do no damage. The goblin closely misses you.
You closely miss the goblin. The goblin barely misses you. The goblin hits you.
* * * LOW HITPOINT WARNING * * *
You take 3 damage, and have 4/24 hp.
You hit the goblin.
You kill the goblin!
You see here a goblin corpse.
You butcher the goblin corpse.
m - 3 chunks of flesh You start resting.
You are now a very special plaything of Xom.
You regained 4 hp, and now have 10/24 hp.
You start resting.
Eating one of 3 chunks of flesh.
You eat one of the 3 chunks of flesh.
This raw flesh tastes terrible.
All of the chunks of flesh in your inventory have rotted away.
HP restored.
Health restored: 24
There is an open door here.
There is a stone staircase leading down here.
You climb downwards.
The kobold hits you with a short sword. The orc barely misses you.
The rat bites you but does no damage. The kobold hits you but does no damage.
There is a stone staircase leading up here.
You take 5 damage, and have 19/24 hp.
MASSIVE DAMAGE!!
Unknown command.
The orc closely misses you. The rat closely misses you. The kobold misses you.
You climb upwards.
There is a stone staircase leading down here.
Unknown command.
The orc hits you with a flail of draining.
You feel drained.
You take 3 damage, and have 16/24 hp.
There is an open door here.
You hit the rat. You freeze the rat.
You kill the rat!
The orc hits you with a flail of draining.
You feel drained.
* * * LOW HITPOINT WARNING * * *
You take 7 damage, and have 9/24 hp.
MASSIVE DAMAGE!!
You hit the orc.
The orc is heavily wounded.
The orc hits you with a flail of draining.
* * * LOW HITPOINT WARNING * * *
You feel drained.
You die... "Huh?
Did I miss anything?"

█.█ █.█ █.█ █.█
█.████████████████
█.██..............
█.██.████(....████
█.██.█ █.....█
█@██.█ █.....█
█o██.█ █.....█
███K██∆████.....█
█...............█
█...............████
█..>................
█...................
█...............█...
█..........████.█...


You could see an orc and a kobold.

Vanquished Creatures
  2 dart slugs (D:1)
  An orc (D:2)
  A goblin (D:1)
  A hobgoblin (D:1)
  2 kobolds (D:1)
  A ball python (D:1)
  2 bats (D:1)
  A frilled lizard (D:1)
  2 rats (D:1)
13 creatures vanquished.

Vanquished Creatures (collateral kills)
  A rat (D:1)
1 creature vanquished.

Grand Total: 14 creatures vanquished

Notes
Turn   | Place    | Note
-------+----------+-------------------------------------------
     0 | D:1      | Goblin1989 the Demonspawn Chaos Knight began the quest for the Orb.
     0 | D:1      | Reached XP level 1. HP: 18/18 MP: 1/1
    38 | D:1      | XOM: harmless Summ miscast
   145 | D:1      | XOM: harmless Necr miscast
   439 | D:1      | Gained mutation: You have a pair of small antennae on your head. [demonic ancestry]
   439 | D:1      | Reached XP level 2. HP: 23/24 MP: 2/2
  1255 | D:1      | Slain by an orc

Skill      XL: |  1 |
---------------+----+-----
Maces & Flails | 3 |  3.5
Fighting       | |  3.0
Armour         | |  1.7
Dodging        | |  0.8

Action                   || total
-------------------------++-------
Melee: Mace              ||    59
 Stab: Paralysed         ||     3
  Eat: Chunk             ||     1
Armor: Leather armour    ||    34
Dodge: Dodged            ||    61

Vault maps used:
D:1:      nicolae_arrival_memento_mori
D:2:      elyvilon_altar_4, chequers_ecumenical_altar_lobes, minivault_27
